Map: Moonlight Madness LE (Void)

Players

wrj - Winner!

  • Race: Zerg Zerg
  • League: Master

TomikuS

  • Race: Zerg Zerg
  • League: Grandmaster

Event: Lycan League Weekly August #1

VOD

Have the link to the VOD?

Description

Time

  • Played on: Aug. 3, 2015, 12:20 p.m.
  • Length: 3:50

All games in this series

Show
View Real Time Build Order
Export as new Build Order

wrj Zerg - Winner!

Build Orders: Pool Only, Zergling Baneling 

Get SALT Encoding   

  12  0:01  Drone  
  13  0:08  Drone  
  14  0:27  Spawning Pool  
  13  0:29  Extractor  
  13  0:31  Drone  
  13  0:36  Drone  
  14  0:45  Overlord  
  14  1:03  Drone x2  
  16  1:13  Queen  
  16  1:14  Zergling x2  
  16  1:16  Zergling x2  
  20  1:25  Zergling x2  
  21  1:29  Metabolic Boost  
  21  1:36  Zergling x2  
  22  1:46  Overlord  
  22  1:51  Baneling Nest  
  21  1:57  Zergling x2  
  21  2:08  Zergling x2  
  22  2:20  Zergling x2  
  23  2:23  Zergling x8  
  27  2:33  Zergling x2  
  28  2:44  Zergling x2  
  29  2:54  Overlord  
  29  2:56  Baneling x4  
  29  2:57  Baneling  
  29  3:04  Zergling x2  
  30  3:17  Zergling x4  
  32  3:20  Baneling x2  
  32  3:24  Zergling x2  
  32  3:25  Zergling x4  
  30  3:28  Zergling x2  
  30  3:32  Baneling  
Show
View Real Time Build Order
Export as new Build Order

TomikuS Zerg 

Build Orders: Pool Only 

Get SALT Encoding   

  12  0:01  Drone  
  13  0:08  Drone  
  13  0:12  Extractor  
  13  0:18  Drone  
  14  0:35  Spawning Pool  
  13  0:38  Drone  
  14  0:48  Overlord  
  14  1:07  Drone x2  
  16  1:21  Metabolic Boost  
  16  1:23  Zergling x4  
  18  1:31  Queen  
  20  1:34  Zergling x2  
  21  1:43  Baneling Nest  
  21  1:46  Zergling x2  
  21  1:55  Overlord  
  21  2:16  Zergling x2  
  21  2:17  Zergling x2  
  23  2:41  Zergling x10  
  23  2:42  Zergling x2  
  26  2:48  Zergling x2  
  27  2:54  Baneling x3  
  27  2:55  Baneling  
  27  3:02  Zergling x2  
  27  3:03  Baneling x2  
  26  3:25  Zergling x4  

Tags
 
Add a new tag
Caveats
  • Supply blocks, unpowered buildings, or Contaminate may cause inaccurate times.
  • Supply counts are checked every 10 seconds.